 Dungeon Crawl Stone Soup version 0.29-a0-214-g17f627cfee (webtiles) character file.

Game seed: 10365756365727318150

4707 avis the Frost Mage (level 10, -7/105 HPs)
             Began as a Hill Orc Monk on Feb 25, 2022.
             Was a Believer of Beogh.
             Mangled by a komodo dragon (26 damage)
             ... on level 8 of the Dungeon.
             The game lasted 00:50:32 (11739 turns).

avis the Frost Mage (Hill Orc Monk)                Turns: 11739, Time: 00:50:33

Health: -7/105     AC:  6    Str: 17    XL:     10   Next: 45%
Magic:  10/16      EV: 10    Int: 12    God:    Beogh [**....]
Gold:   417        SH:  0    Dex: 13    Spells: 10/17 levels left

rFire   x . .      SeeInvis .     - Unarmed
rCold   + + +      Faith    .   (shield currently unavailable)
rNeg    . . .      Spirit   .   (body armour currently unavailable)
rPois   +          Reflect  .   (helmet currently unavailable)
rElec   .          Harm     .   (cloak currently unavailable)
rCorr   .          Rampage  .   (gloves currently unavailable)
Will    +....                   (boots currently unavailable)
Stlth   ++........              (no amulet)
HPRegen 0.27/turn               v - ring of willpower
MPRegen 0.15/turn               (no ring)

@: ice-form, freezing walls
A: freezing attack, amphibious, boosted hp, large
a: End Transformation, Renounce Religion, Smiting


You were on level 8 of the Dungeon.
You worshipped Beogh.
Beogh was pleased with you.
You were a creature of crystalline ice.
You visited 3 branches of the dungeon, and saw 10 of its levels.

You collected 417 gold pieces.

Inventory:

Hand Weapons
 b - a +1 hunting sling of flaming
 j - a +2 whip of flaming
 p - a +0 dagger of venom
 r - a +1 morningstar of freezing
 x - a +2 dagger of chaos
 y - a +0 battleaxe
 D - a +5 long sword
 E - a +3 great sword
 G - a +1 dagger of speed
 J - a +1 flail
 K - a +0 glaive
 L - a +0 trident
 Q - a +5 great sword of freezing
 R - a +3 long sword of freezing
 S - a +1 trident
 U - a +0 trident
 W - a +2 hand axe of electrocution
Missiles
 f - 5 boomerangs
 k - a throwing net
 B - 184 stones (quivered)
Armour
 a - a +0 robe (melded)
 i - the +2 pair of boots "Hieggir" (melded) {+Inv Slay+3}
   (You found it on level 1 of the Dungeon)

   Slay:      It affects your accuracy & damage with ranged weapons and melee
   (+3).
   +Inv:      It lets you turn invisible.
 I - a +0 chain mail
 O - a +0 cloak (melded)
 P - a +0 leather armour
 V - a +4 chain mail of willpower
 X - a +0 chain mail
 Y - an orb of wrath
Magical Staves
 u - a staff of fire
 N - a staff of death
Jewellery
 v - a ring of willpower (left front paw)
Wands
 T - a wand of acid (10)
Scrolls
 d - 2 scrolls of vulnerability {unknown}
 e - a scroll of blinking
 h - 3 scrolls of magic mapping {unknown}
 m - 2 scrolls of teleportation {unknown}
 n - a scroll of noise {unknown}
 o - a scroll of holy word {unknown}
 q - 3 scrolls of enchant weapon {unknown}
 t - 4 scrolls of torment {unknown}
 A - 3 scrolls of immolation {unknown}
 C - a scroll of fog {unknown}
 F - a scroll of amnesia {unknown}
 H - a scroll of enchant armour {unknown}
Potions
 c - 3 potions of curing
 g - 3 potions of lignification
 l - 3 potions of degeneration
 s - 2 potions of brilliance {unknown}
 w - 2 potions of haste {unknown}
 z - 2 potions of cancellation {unknown}
 M - a potion of resistance {unknown}


   Skills:
 - Level 8.0 Fighting
 - Level 3.0 Dodging
 - Level 1.5 Stealth
 * Level 7.2 Unarmed Combat
 - Level 4.0 Spellcasting
 - Level 4.0 Transmutations
 - Level 8.0 Ice Magic
 - Level 5.0 Invocations


You had 10 spell levels left.
You knew the following spells:

 Your Spells              Type           Power      Damage    Failure   Level
f - Frozen Ramparts       Ice            42%        1d6       2%          3
q - Ice Form              Ice/Tmut       16%        N/A       19%         4

Your spell library contained the following spells:

 Spells                   Type           Power      Damage    Failure   Level
 Static Discharge         Conj/Air       2%         N/A       32%         2
 Summon Ice Beast         Ice/Summ       12%        N/A       38%         4
 Dispel Undead            Necr           2%         3d7       91%         4
 Sticky Flame             Conj/Fire      2%         2d3       91%         4


Dungeon Overview and Level Annotations

Branches:
Dungeon (8/15)             Temple (1/1) D:5            Lair (1/6) D:8

Altars:
Ashenzari
Cheibriados
Dithmenos
Elyvilon
Fedhas
Hepliaklqana
Kikubaaqudgha
Makhleb
Nemelex Xobeh
Okawaru
Qazlal
Sif Muna
Trog
Uskayaw
Vehumet
Wu Jian
Xom
Yredelemnul
Zin

Shops:
D:6 *   D:7 ?

Annotations:
D:5 2 runed translucent doors, Sugarsnap's ghost, weakling HuEn


Message History

Your +0 robe melds into your body.
You climb downwards.
Welcome back to the Lair of Beasts!
The blink frog blinks!
The komodo dragon bites you!! The blink frog closely misses you.
The komodo dragon bites you!
There is a staircase back to the Dungeon, spattered with blood here.
The blink frog hits you! The komodo dragon bites you.
The blink frog hits you but does no damage.
You climb upwards.
Welcome back to the Dungeon!
There is a staircase to the Lair, spattered with blood here.
You completely miss the komodo dragon. The blink frog hits you.
The komodo dragon bites you!!
* * * LOW HITPOINT WARNING * * *
You completely miss the komodo dragon. The blink frog barely misses you.
Casting: Ice Form (dangerous; 19% risk of failure)
Confirm with . or Enter, or press ? or * to list all spells.
Casting: Frozen Ramparts (mildly dangerous; 2% risk of failure)
Press: ? - help, Dir - look around, f - activate Look: a komodo dragon
Okay, then.
Casting: Frozen Ramparts (mildly dangerous; 2% risk of failure)
Confirm with . or Enter, or press ? or * to list all spells.
Casting: Frozen Ramparts (mildly dangerous; 2% risk of failure)
Press: ? - help, Dir - look around, f - activate Look: a blink frog The walls around you are covered in ice.
The wall freezes the komodo dragon.
The komodo dragon barely misses you.
The wall freezes the blink frog.
The blink frog seems to slow down.
The blink frog barely misses you.
You hit the komodo dragon.
The komodo dragon seems to slow down.
You freeze the komodo dragon.
The komodo dragon is lightly wounded.
The wall freezes the blink frog.
The blink frog hits you!
* * * LOW HITPOINT WARNING * * *
The blink frog blinks!
The wall freezes the komodo dragon!
The komodo dragon seems to slow down.
The komodo dragon closely misses you.
You hit the komodo dragon. You freeze the komodo dragon.
The komodo dragon is heavily wounded.
The wall freezes the komodo dragon.
The komodo dragon seems to slow down.
The komodo dragon bites you!!
You die...

.......#..................#.#....
....#####....#..............#....
....#####..###..............#....
........#.####..............##...
.....<....#.##............#####..
..........................# ###..
........................#.###....
................####..###..#.....
................Yl#>...........#.
.................ยง.....#..##..##.
..............).#.##..####....##.
............#...##.#..# ###...##.
.....##.....#.........###........
.##............#......#..........
####.....#....###............####
#......#......#.....###....#
###......###..........####..##


You could see a komodo dragon (slow).

Vanquished Creatures
  Harold (D:8)
  Pikel (D:4)
  3 blink frogs
  Grinder (D:6)
  A yak (D:6)
  Eustachio (D:5)
  Menkaure (D:4)
  A water moccasin (D:7)
  An orc warrior (D:8)
  2 sky beasts
  A black bear (D:6)
  A necrophage (D:7)
  2 ogres (D:5)
  4 lemures
  A bullfrog (D:7)
  A water moccasin zombie (D:6)
  2 wyvern skeletons (D:6)
  A water moccasin skeleton (D:7)
  14 wights
  3 howler monkeys
  4 crimson imps (D:4)
  2 centaur zombies
  2 bullfrog zombies (D:5)
  3 hounds
  2 jellies
  An orc priest (D:7)
  2 bullfrog skeletons (D:6)
  3 iguanas
  2 orc wizards
  A hound zombie (D:5)
  A howler monkey skeleton (D:5)
  2 adders (D:2)
  A shadow imp (D:8)
  A white imp (D:4)
  5 ufetubi
  5 worms
  4 dart slugs
  19 orcs
  6 ball pythons
  8 bats
  6 endoplasms
  7 goblins
  7 hobgoblins
  5 jackals
  2 quokkas
  3 frilled lizards
  7 kobolds
  6 rats
160 creatures vanquished.

Notes
Turn   | Place    | Note
-------+----------+-------------------------------------------
     0 | D:1      | avis the Hill Orc Monk began the quest for the Orb.
     0 | D:1      | Reached XP level 1. HP: 19/19 MP: 1/1
   243 | D:1      | Reached XP level 2. HP: 23/27 MP: 2/2
   423 | D:1      | Found a faded altar of an unknown god.
   462 | D:1      | Identified the +2 pair of boots "Hieggir" {+Inv Slay+3}
   815 | D:2      | Reached XP level 3. HP: 27/34 MP: 3/3
  1340 | D:2      | Reached skill level 5 in Fighting
  1601 | D:2      | Reached XP level 4. HP: 41/42 MP: 4/4
  2085 | D:3      | Reached skill level 5 in Unarmed Combat
  2429 | D:3      | Reached XP level 5. HP: 46/48 MP: 5/5
  2970 | D:4      | Found a shimmering altar of Xom.
  3007 | D:4      | Reached skill level 1 in Ice Magic
  3017 | D:4      | Reached XP level 6. HP: 54/57 MP: 6/6
  3073 | D:4      | Learned a level 4 spell: Ice Form
  3157 | D:4      | Found an iron altar of Okawaru.
  3232 | D:4      | Noticed Menkaure
  3256 | D:4      | Killed Menkaure
  3257 | D:4      | Reached XP level 7. HP: 63/63 MP: 7/7
  3435 | D:4      | Found an ornate altar of the Wu Jian Council.
  3631 | D:4      | Found a shimmering blue altar of Sif Muna.
  3819 | D:5      | Entered Level 5 of the Dungeon
  3853 | D:5      | Reached skill level 1 in Spellcasting
  3853 | D:5      | Reached skill level 1 in Transmutations
  4017 | D:4      | Learned a level 3 spell: Frozen Ramparts
  4140 | D:5      | Noticed Pikel
  4140 | D:5      | Found a runed translucent door.
  5561 | D:5      | Noticed Sugarsnap's ghost (weakling HuEn)
  5629 | D:5      | Found a runed translucent door.
  5641 | D:5      | Noticed Eustachio
  5652 | D:5      | Killed Eustachio
  5653 | D:5      | Reached skill level 5 in Ice Magic
  5653 | D:5      | Reached XP level 8. HP: 62/70 MP: 9/11
  5893 | D:5      | Found a staircase to the Ecumenical Temple.
  5925 | Temple   | Entered the Ecumenical Temple
  6207 | D:4      | Killed Pikel
  6683 | D:6      | Noticed Grinder
  6824 | D:6      | Killed Grinder
  6904 | D:6      | Reached XP level 9. HP: 75/75 MP: 8/13
  7007 | D:6      | Found Gurhiegu's General Store.
  7586 | D:6      | Became a worshipper of Beogh the Brigand
  7586 | D:6      | Reached * piety under Beogh
  7586 | D:6      | Reached ** piety under Beogh
  7742 | D:6      | Reached skill level 1 in Invocations
  8489 | D:7      | Found Suvvibig's Magic Scroll Boutique.
 10194 | D:8      | Reached XP level 10. HP: 83/83 MP: 14/16
 10478 | D:8      | Noticed Harold
 10489 | D:8      | Killed Harold
 10490 | D:8      | Reached skill level 5 in Invocations
 11226 | D:8      | Found a staircase to the Lair.
 11319 | Lair:1   | Entered Level 1 of the Lair of Beasts
 11739 | D:8      | Mangled by a komodo dragon

Illustrated notes

Levels and vault maps discovered:
D:1:      erik_arrival_triangle_small, layout_rooms,
          ebering_ecumenical_altar_petrified, dk_noncrumbling_2,
          chequers_serial_rivers_micro_e, minivault_19, minivault_14,
          chequers_jeans
D:2:      layout_loops_ring
D:3:      layout_basic, minmay_vboxes
D:4:      layout_loops_ring, lemuel_crystal_altar, led_xom_imps,
          amcnicky_altar_gilded, lemuel_blue_sif_altar, uniq_menkaure
D:5:      layout_cave_pools, minmay_temple_entry_enclosed_plants,
          ebering_ghost_sewer_f, serial_rivers, chequers_serial_rivers_small_b,
          chequers_serial_rivers_micro_e, chequers_serial_rivers_small_a,
          chequers_serial_rivers_room_b, chequers_serial_rivers_micro_d,
          uniq_eustachio, uniq_pikel
D:6:      layout_cave_pods, serial_shops, nicolae_shop_stone,
          amcnicky_mini_pool_medium, uniq_grinder
D:7:      layout_loops_corners, serial_shops, nicolae_square_shop
D:8:      layout_cave_pools, lair_entry_dummy, kennysheep_generic_room_5,
          uniq_harold
Temple:   eino_wide_crystal_templ
Lair:1:   layout_layer_cave

Skill      XL: |  1  2  3  4  5  6  7  8  9 10 |
---------------+-------------------------------+-----
Fighting       | 4 5 6 8 |  8.0
Unarmed Combat | 4 5 7 |  7.2
Ice Magic      | 1 4 5 6 8 |  8.0
Spellcasting   | 2 3 4 |  4.0
Transmutations | 2 3 4 |  4.0
Dodging        | 3 |  3.0
Invocations    | 3 5 |  5.0
Stealth        | |  1.5

Action                   |  1- 3 |  4- 6 |  7- 9 | 10-12 || total
-------------------------+-------+-------+-------+-------++-------
Melee: Unarmed           |    75 |   126 |   319 |    40 ||   560
       Punch             |     3 |     2 |     7 |       ||    12
 Fire: Hunting sling     |       |       |     6 |       ||     6
 Cast: Ice Form          |       |       |    29 |     9 ||    38
       Frozen Ramparts   |       |       |     2 |     1 ||     3
Invok: Convert to Beogh  |       |       |     1 |       ||     1
  Use: Scroll            |       |     3 |     2 |       ||     5
 Stab: Sleeping          |     4 |     4 |     3 |       ||    11
       Distracted        |       |     1 |     2 |       ||     3
Armor: Robe              |    19 |    30 |    32 |       ||    81
       Skin              |       |       |    32 |    16 ||    48
Dodge: Dodged            |    51 |    74 |   147 |    24 ||   296

Table legend: (Time is in decaauts)
 A = Elapsed time spent in this place.
 B = Non-inter-level travel time spent in this place.
 C = Inter-level travel time spent in this place.
 D = Time resting spent in this place.
 E = Time spent auto-exploring this place.
 F = Levels seen in this place.
 G = Mean time per level.
                   A        B        C        D        E       F      G
               +--------+--------+--------+--------+--------+-----+--------+
         Total |  11710 |  11028 |    682 |   4369 |   4646 |  10 | 1171.0 |
       Dungeon |  11620 |  10959 |    661 |   4369 |   4606 |   8 | 1452.5 |
        Temple |     75 |     54 |     21 |      0 |     40 |   1 |   75.0 |
          Lair |     14 |     14 |      0 |      0 |      0 |   1 |   14.0 |
               +--------+--------+--------+--------+--------+-----+--------+

Top non-repeatable levels by time:
     D:7: 2207 daAuts
     D:4: 1956 daAuts
     D:6: 1799 daAuts
     D:5: 1649 daAuts
     D:8: 1107 daAuts
     D:2: 1069 daAuts
     D:3: 1029 daAuts
     D:1: 801 daAuts
  Temple: 75 daAuts
  Lair:1: 14 daAuts
